 Dungeon Crawl Stone Soup version 0.21.1-1-g345015f (webtiles) character file.

2588 Merlin the Basher (level 9, -6/69 HPs)
             Began as a Demonspawn Chaos Knight on June 17, 2018.
             Mangled by an orc warrior
             ... wielding a cursed +0 dire flail
              (21 damage)
             ... on level 8 of the Dungeon on June 18, 2018.
             The game lasted 00:44:30 (3389 turns).

Merlin the Basher (Demonspawn Chaos Knight)         Turns: 3389, Time: 00:44:31

Health: -6/69      AC: 17    Str: 19      XL:     9   Next: 32%
Magic:  0/10       EV: 11    Int: 13 (14) God:    Xom [......]
Gold:   195        SH:  0    Dex: 15      Spells: 8/8 levels left

rFire    + . .     SeeInvis .   a - +1 mace (chaos)
rCold    + + .     Gourm    .   (no shield)
rNeg     . . .     Faith    .   n - +2 scale mail
rPois    .         Spirit   +   h - +2 hat
rElec    +         Reflect  .   (no cloak)
rCorr    .         Harm     .   E - +3 pair of gauntlets of War {Slay+5}
MR       .....                  (no boots)
Stlth    ..........             (no amulet)
HPRegen  0.21/turn              m - +6 ring of strength
MPRegen  0.24/turn              v - ring "Unekaoru" {rElec rF+ rC++ Stlth-}

@: no status effects
A: claws 1, iridescent scales 1, powered by pain 2, magic shield, magic
regeneration
a: Renounce Religion


You were on level 8 of the Dungeon.
You worshipped Xom.
You were a very special plaything of Xom.
You were not hungry.

You visited 1 branch of the dungeon, and saw 8 of its levels.
You also visited: Sewer.

You collected 415 gold pieces.
You spent 220 gold pieces at shops.

Inventory:

Hand Weapons
 a - a +1 mace of chaos (weapon)
 f - a cursed -2 hand axe
 j - a cursed -1 club
 l - a +0 dire flail of crushing
 p - a +0 long sword
 s - a +0 whip of flaming
 F - a cursed -3 giant spiked club
 H - a +0 broad axe
 J - a +0 shortbow
Missiles
 e - 26 bolts
 B - 28 arrows
Armour
 b - a +2 leather armour
 h - a +2 hat (worn)
 n - a +2 scale mail (worn)
 y - a +0 chain mail
 A - a +0 ring mail
 C - a +0 scale mail
 E - the +3 pair of gauntlets of War (worn) {Slay+5}
   (You found it on level 6 of the Dungeon)

   It affects your accuracy and damage with ranged weapons and melee attacks
   (+5).
 G - a +2 leather armour of poison resistance
Jewellery
 m - a +6 ring of strength (left hand)
 u - an uncursed ring of poison resistance
 v - the ring "Unekaoru" (right hand) {rElec rF+ rC++ Stlth-}
   (You found it on level 6 of the Dungeon)

   [ring of protection from fire]

   It protects you from fire.
   It greatly protects you from cold.
   It insulates you from electricity.
   It makes you less stealthy.
Wands
 i - a wand of enslavement (5)
 o - a wand of clouds (3)
Scrolls
 d - 2 scrolls of immolation {unknown}
 q - 5 scrolls of teleportation
 t - a scroll of magic mapping {unknown}
 K - a scroll of identify
Potions
 g - 2 potions of might {unknown}
 k - 3 potions of brilliance
 r - a potion of degeneration
 w - 3 potions of flight
 z - a potion of mutation {unknown}
 M - a potion of cancellation {unknown}
Books
 D - a Necronomicon

   Spells                             Type                      Level
   a - Haunt                          Necromancy/Summoning         7
   b - Borgnjor's Revivification      Necromancy                   8
   c - Death's Door                   Charms/Necromancy            8
   d - Infestation                    Necromancy                   8
   e - Necromutation                  Transmutation/Necromancy     8
Comestibles
 c - 6 rations
 x - 4 chunks of flesh


   Skills:
 + Level 5.9 Fighting
 + Level 8.2 Maces & Flails
 + Level 5.9 Armour
 + Level 3.5 Dodging
 + Level 2.4 Stealth
 + Level 1.4 Evocations


You had 8 spell levels left.
You didn't know any spells.

Dungeon Overview and Level Annotations

Branches:
Dungeon (8/15)             Temple (0/1) D:7
   Lair: D:8-11

Altars:
Qazlal
Xom

Shops:
D:4 *


Innate Abilities, Weirdness & Mutations

You have sharp fingernails.
You are partially covered in iridescent scales. (AC +2)
You sometimes gain power by taking damage.
When hurt, damage is shared between your health and your magic reserves.
You regenerate magic rapidly.


Message History

You sock the orc wizard!
Lightning courses through the orc wizard!
You kill the orc wizard!
The orc hits you but does no damage.
The orc warrior hits you but does no damage.
You sock the orc!
You kill the orc!
The orc warrior hits you but does no damage.
You hit the orc warrior.
The orc warrior is poisoned.
The orc warrior is heavily wounded.
The orc warrior hits you with a dire flail!
* * * LOW HITPOINT WARNING * * *
You sock the orc warrior!
The orc warrior goes berserk!
Xom is highly amused!
The orc warrior is almost dead.
The orc warrior hits you with a dire flail!
* * * LOW HITPOINT WARNING * * *
You feel better.
The orc warrior hits you with a dire flail!!
You die...

....... .........
......... ........
#.....# ..#
##.....###..###
#.(.....#.....
#@o.....#....
#...)...#... #.($....'...
####### #########)..##)#
#...##.##.##.####.(.##(##
#....#.........#........#
#....#.........#.......(#
#....#.........#........#
#....#.........#........#


You could see an orc warrior (berserk).

Vanquished Creatures
  An unseen horror (D:6)
  Pikel (D:5)
  Menkaure (D:6)
  Edmund (D:6)
  A water moccasin (D:4)
  Purgy (Sewer)
  An ice beast (D:7)
  An orc warrior (D:8)
  3 centaurs
  3 bullfrogs
  A water moccasin zombie (D:8)
  A howler monkey (D:4)
  A crimson imp (D:5)
  A hound (D:4)
  An orc priest (D:6)
  Ijyb (D:3)
  3 orc wizards
  4 bullfrog skeletons
  4 worker ants
  8 adders
  A shadow imp (D:2)
  An adder skeleton (D:6)
  2 worms
  A dart slug (D:2)
  A leopard gecko (D:3)
  16 orcs
  3 ball pythons
  6 bats
  A giant cockroach (D:6)
  6 goblins
  A hobgoblin (D:2)
  7 jackals
  5 quokkas
  7 frilled lizards
  3 kobolds (D:2)
  2 rats (D:2)
102 creatures vanquished.

Vanquished Creatures (collateral kills)
  2 adders (D:4)
  3 orcs
  A ball python (D:4)
6 creatures vanquished.

Vanquished Creatures (others)
  An ogre (D:6)
  A howler monkey (D:4)
  An orc wizard (D:8)
3 creatures vanquished.

Grand Total: 111 creatures vanquished

Notes
Turn   | Place    | Note
-------+----------+-------------------------------------------
     0 | D:1      | Merlin the Demonspawn Chaos Knight began the quest for the Orb.
     0 | D:1      | Reached XP level 1. HP: 18/18 MP: 1/1
    49 | D:2      | XOM: potion effect (might)
    80 | D:2      | XOM: potion effect (haste)
    84 | D:2      | Reached skill level 3 in Maces & Flails
    84 | D:2      | Gained mutation: When hurt, damage is shared between your health and your magic reserves. [demonic ancestry]
    84 | D:2      | Reached XP level 2. HP: 24/24 MP: 2/2
    94 | D:2      | Gained mutation: You sometimes gain a little power by taking damage. [demonic ancestry]
    94 | D:2      | Reached XP level 3. HP: 26/29 MP: 3/3
   558 | D:2      | Reached skill level 1 in Dodging
   558 | D:2      | Gained mutation: You have sharp fingernails. [demonic ancestry]
   558 | D:2      | Reached XP level 4. HP: 27/35 MP: 2/4
   727 | D:3      | Noticed Ijyb
   735 | D:3      | Killed Ijyb
   735 | D:3      | Reached skill level 4 in Maces & Flails
   793 | D:4      | XOM: harmless Fire miscast
   802 | D:4      | Reached XP level 5. HP: 32/42 MP: 5/5
   903 | D:4      | XOM: polymorph worker ant -> howler monkey
   904 | D:4      | XOM: divination: detect creatures
   905 | D:4      | XOM: harmless Fire miscast
   908 | D:4      | XOM: divine lightning
  1076 | D:4      | Found Aplus's Serpentskin Sales.
  1076 | D:4      | Noticed a water moccasin
  1118 | D:4      | Killed a water moccasin
  1118 | D:4      | Reached skill level 5 in Maces & Flails
  1118 | D:4      | Gained mutation: You sometimes gain power by taking damage. [demonic ancestry]
  1118 | D:4      | Reached XP level 6. HP: 14/48 MP: 2/6
  1119 | D:4      | XOM: scenery: 1 doors close
  1128 | D:4      | XOM: scenery: 1 doors open
  1299 | D:4      | XOM: summons friendly ufetubus
  1345 | D:4      | Found a glowing drain.
  1354 | Sewer    | Entered a sewer
  1375 | Sewer    | Noticed Purgy
  1375 | Sewer    | XOM: summons 4 friendly demons
  1387 | Sewer    | Killed Purgy
  1512 | Sewer    | XOM: noise
  1555 | D:4      | Bought an uncursed ring of poison resistance for 220 gold pieces
  1564 | D:5      | Entered Level 5 of the Dungeon
  1564 | D:5      | Noticed Pikel
  1564 | D:5      | Noticed a slave
  1564 | D:5      | Noticed a slave
  1566 | D:5      | Noticed a slave
  1566 | D:5      | Noticed a slave
  1566 | D:5      | XOM: confusion
  1582 | D:5      | Killed Pikel
  1582 | D:5      | Reached skill level 6 in Maces & Flails
  1582 | D:5      | Reached XP level 7. HP: 55/55 MP: 7/7
  1877 | D:5      | Gained mutation: You regenerate magic rapidly. [demonic ancestry]
  1877 | D:5      | Reached XP level 8. HP: 56/61 MP: 8/8
  2003 | D:6      | Noticed Edmund
  2020 | D:6      | Killed Edmund
  2020 | D:6      | Reached skill level 1 in Stealth
  2113 | D:6      | XOM: god gift: purple potion {god gift}
  2131 | D:6      | Reached skill level 5 in Fighting
  2131 | D:6      | Reached skill level 7 in Maces & Flails
  2191 | D:6      | Found the +3 pair of gauntlets of War {Slay+5}
  2198 | D:6      | XOM: scenery: create altars
  2225 | D:6      | Found a large runed door.
  2226 | D:6      | Found a large runed door.
  2234 | D:6      | Noticed Menkaure
  2235 | D:6      | XOM: cleaving
  2241 | D:6      | Killed Menkaure
  2241 | D:6      | Reached skill level 1 in Evocations
  2374 | D:6      | Killed an unseen horror
  2374 | D:6      | Reached skill level 5 in Armour
  2374 | D:6      | Gained mutation: You are partially covered in iridescent scales. (AC +2) [demonic ancestry]
  2374 | D:6      | Reached XP level 9. HP: 21/68 MP: 5/9
  2637 | D:6      | Got a flickering tin ring
  2644 | D:6      | Identified the ring "Unekaoru" {rElec rF+ rC++ Stlth-} (You found it on level 6 of the Dungeon)
  2680 | D:6      | Found a stormy altar of Qazlal.
  2693 | D:6      | Found a large runed door.
  2693 | D:6      | Found a large runed door.
  2817 | D:7      | Found a staircase to the Ecumenical Temple.
  2826 | D:7      | Reached skill level 8 in Maces & Flails
  2889 | D:7      | XOM: god gift: 32 gold pieces
  3313 | D:8      | XOM: mild Hex miscast
  3315 | D:8      | XOM: confusion
  3389 | D:8      | Mangled by an orc warrior

Skill      XL: |  1  2  3  4  5  6  7  8  9 |
---------------+----------------------------+-----
Armour         | 2 4 5 |  5.9
Maces & Flails | 3 4 5 6 7 8 |  8.2
Dodging        | 1 2 3 |  3.5
Fighting       | 4 5 |  5.9
Stealth        | 1 2 |  2.4
Evocations     | 1 |  1.4

Action                   |  1- 3 |  4- 6 |  7- 9 || total
-------------------------+-------+-------+-------++-------
Melee: Mace              |    60 |    97 |   211 ||   368
Evoke: Wand              |       |     3 |    10 ||    13
  Use: Scroll            |     2 |     5 |     4 ||    11
       Potion            |       |     3 |    10 ||    13
 Stab: Sleeping          |     1 |       |       ||     1
       Paralysed         |       |       |     4 ||     4
       Confused          |       |       |     1 ||     1
       Petrifying        |       |       |     1 ||     1
       Petrified         |       |       |     1 ||     1
  Eat: Ration            |       |     1 |     1 ||     2
       Chunk             |       |       |     2 ||     2
Armor: Leather armour    |    43 |    12 |       ||    55
       Scale mail        |       |    33 |   137 ||   170
Dodge: Dodged            |    28 |    38 |   115 ||   181
